 Dungeon Crawl Stone Soup version 0.20.1-1-g8b1a95d (webtiles) character file.

333 AverageBear the Cutter (level 6, -5/36 HPs)
             Began as a Deep Elf Fighter on July 25, 2017.
             Was a Follower of Ashenzari.
             Slain by a gnoll
             ... wielding a +0 halberd
              (8 damage)
             ... on level 4 of the Dungeon.
             The game lasted 00:04:34 (3235 turns).

AverageBear the Cutter (Deep Elf Fighter)           Turns: 3235, Time: 00:04:35

Health: -5/36      AC:  7    Str: 20    XL:     6   Next: 27%
Magic:  8/8        EV:  7    Int: 13    God:    Ashenzari [*.....]
Gold:   96         SH:  9    Dex: 16    Spells: 5/5 levels left

rFire    . . .     SeeInvis .   a - +0 rapier
rCold    . . .     Gourm    .   c - +0 shield
rNeg     . . .     Faith    .   b - +0 scale mail
rPois    .         Spirit   .   (no helmet)
rElec    .         Reflect  .   (no cloak)
rCorr    .         Harm     .   (no gloves)
MR       .....                  m - +0 pair of boots
Stlth    ..........             (no amulet)
Regen    0.2/turn               o - ring of flight
MPRegen  0.2/turn               (no ring)

@: mighty
A: agile 1, wild magic 1
a: Curse Item, Scrying, Renounce Religion, Evoke Flight


You were on level 4 of the Dungeon.
You worshipped Ashenzari.
Ashenzari was aware of your devotion.
You were not hungry.

You visited 1 branch of the dungeon, and saw 4 of its levels.

You collected 96 gold pieces.

Inventory:

Hand Weapons
 a - a +0 rapier (weapon)
Armour
 b - a +0 scale mail (worn)
 c - a +0 shield (worn)
 m - a +0 pair of boots (worn)
Magical Staves
 h - an uncursed staff of death
Jewellery
 o - a ring of flight (left hand)
Wands
 i - a wand of acid (6/15)
Scrolls
 e - a scroll of amnesia
 j - a scroll of immolation
 k - a scroll of random uselessness {unknown}
 n - 2 scrolls of remove curse
 p - 4 scrolls of identify {unknown}
 q - a scroll of enchant armour {unknown}
Comestibles
 f - 4 bread rations
 g - 3 meat rations
 l - 3 chunks of flesh


   Skills:
 - Level 2.4 Fighting
 + Level 6.7 Short Blades
 - Level 2.4 Armour
 - Level 2.4 Shields


You had 5 spell levels left.
You didn't know any spells.

Dungeon Overview and Level Annotations

Branches:
Dungeon (4/15)
 Temple: D:4-7

Altars:
Ashenzari


Innate Abilities, Weirdness & Mutations

You are agile. (Dex +2)
Your spells are a little harder to cast, but a little more powerful.


Message History

You hit the gnoll.
The gnoll is severely wounded.
You block the gnoll's attack.
You barely miss the gnoll.
The gnoll is severely wounded.
The gnoll barely misses you.
You puncture the gnoll!
You kill the gnoll!
You puncture the gnoll!
The gnoll is heavily wounded.
The gnoll completely misses you. You block the gnoll's attack.
You closely miss the gnoll.
The gnoll is heavily wounded.
The gnoll barely misses you.
The gnoll hits you from afar with a halberd!
* * * LOW HITPOINT WARNING * * *
You feel very mighty all of a sudden. You block the gnoll's attack.
The gnoll hits you from afar with a halberd!
You die...

#.....<# #.###.########
#.##..........
#####.##..########
#.........#
.#.####.#.######### ####
.#.# #.#.......... .....
##.#.####.#.......... .....
#..#@#.............#.
......#g##g#.##.#.######.#.
......#.##g#.##.#....###.#รท
........##.#.##.#......#.#.
......#.##.#.##.#.##.#.#.#.
.............##.#.##.#.#.#.
......#.##......#.##.#.#.#.
####.##.##.#.####.#....#...
#. #.##.#....#.######.##


You could see 2 gnolls.

Vanquished Creatures
  A scorpion (D:3)
  A hound (D:4)
  A worker ant (D:4)
  6 gnolls
  8 adders
  An ooze (D:1)
  2 adder skeletons (D:4)
  A worm (D:2)
  4 dart slugs
  3 leopard geckos
  An orc (D:3)
  3 ball pythons
  A giant cockroach (D:3)
  8 goblins
  5 hobgoblins
  4 jackals (D:3)
  10 kobolds
  2 quokkas
  15 bats
  4 frilled lizards
  7 rats
88 creatures vanquished.

Notes
Turn   | Place    | Note
-------+----------+-------------------------------------------
     0 | D:1      | AverageBear the Deep Elf Fighter began the quest for the Orb.
     0 | D:1      | Reached XP level 1. HP: 13/13 MP: 3/3
    86 | D:1      | Reached XP level 2. HP: 15/18 MP: 4/4
   281 | D:1      | Reached skill level 3 in Short Blades
   605 | D:1      | Reached XP level 3. HP: 22/22 MP: 5/5
  1051 | D:2      | Found a shattered altar of Ashenzari.
  1057 | D:2      | Reached skill level 4 in Short Blades
  1134 | D:2      | Became a worshipper of Ashenzari the Shackled
  1371 | D:2      | Reached XP level 4. HP: 26/27 MP: 6/6
  1935 | D:3      | HP: 1/27 [gnoll/spear (8)]
  1936 | D:3      | Gained mutation: You are agile. (Dex +2) [potion of mutation]
  1936 | D:3      | Gained mutation: You have a beak for a mouth. [potion of mutation]
  1949 | D:3      | Reached skill level 5 in Short Blades
  1959 | D:3      | Lost mutation: You have a beak for a mouth. [potion of mutation]
  1959 | D:3      | Lost mutation: You are agile. (Dex +2) [potion of mutation]
  1959 | D:3      | Gained mutation: Your spells are a little harder to cast, but a little more powerful. [potion of mutation]
  1959 | D:3      | Gained mutation: You are agile. (Dex +2) [potion of mutation]
  2098 | D:3      | Reached XP level 5. HP: 6/31 MP: 7/7
  2495 | D:3      | Reached skill level 6 in Short Blades
  2715 | D:3      | Reached * piety under Ashenzari
  2997 | D:4      | Reached XP level 6. HP: 33/36 MP: 8/8
  3235 | D:4      | Slain by a gnoll

Skill      XL: |  1  2  3  4  5 |
---------------+----------------+-----
Short Blades   | 3 4 5 6 |  6.7
Fighting       | |  2.4
Armour         | |  2.4
Shields        | |  2.4

Action                   |  1- 3 |  4- 6 || total
-------------------------+-------+-------++-------
Melee: Rapier            |   129 |   286 ||   415
       Peck              |       |     1 ||     1
  Use: Scroll            |     2 |       ||     2
       Potion            |       |     8 ||     8
  Eat: Chunk             |     2 |     6 ||     8
Armor: Scale mail        |    72 |   130 ||   202
Dodge: Dodged            |    32 |    79 ||   111
Block: Shield            |    64 |   130 ||   194
